 Dungeon Crawl Stone Soup version 0.31-a0-1496-g79c7dd0eeb (webtiles) character file.

Game seed: 11799418805037660699

129 inmateoo the Trooper (level 4, -2/41 HPs)
             Began as a Minotaur Fighter on Dec 29, 2023.
             Succumbed to a goblin's poison
             ... on level 3 of the Dungeon.
             The game lasted 00:00:57 (1823 turns).

inmateoo the Trooper (Minotaur Fighter)             Turns: 1823, Time: 00:00:57

Health: -2/41      AC:  9    Str: 21    XL:     4   Next: 88%
Magic:  3/3        EV: 10    Int:  5    God:
Gold:   104        SH:  4    Dex: 11    Spells: 3/3 levels left

rFire   . . .        a - +0 war axe
rCold   . . .        c - +0 buckler
rNeg    . . .        b - +0 scale mail
rPois   .            (helmet restricted)
rElec   .            (no cloak)
rCorr   .            f - +1 pair of gloves
SInv    .            (no boots)
Will    .....        (no amulet) Stlth
                     (no ring)
HPRegen 0.26/turn    (no ring)
MPRegen 0.08/turn

%: no passive effects
@: lethally poisoned (-2 -> -17), hasted, very quick
A: horns 2, retaliatory headbutt
a: no special abilities


You were on level 3 of the Dungeon.
You visited 1 branch of the dungeon, and saw 3 of its levels.

You collected 104 gold pieces.

Inventory:

Hand Weapons
 a - a +0 war axe (weapon)
Armour
 b - a +0 scale mail (worn)
 c - a +0 buckler (worn)
 f - a +1 pair of gloves (worn)
Jewellery
 g - a +4 ring of protection
 i - an amulet of the acrobat
Scrolls
 e - 2 scrolls of enchant armour
 j - a scroll of identify
 m - a scroll of blinking {unknown}
Potions
 d - a potion of might
 h - a potion of lignification
 l - a potion of ambrosia {unknown}


   Skills:
 + Level 4.3 Fighting
 * Level 4.1 Axes
 + Level 4.2 Armour
 + Level 1.9 Dodging
 + Level 4.2 Shields


You had 3 spell levels left.
You didn't know any spells.
Your spell library was empty.

Dungeon Overview and Level Annotations

Branches:
Dungeon (3/15)

Altars:

Annotations:
D:3 Robin


Innate Abilities, Weirdness & Mutations

You have a pair of horns on your head.
You reflexively headbutt those who attack you in melee.


Message History

The goblin hits you with a +0 dagger of venom.
You are more poisoned.
You block the goblin's attack. Robin throws the goblin at you!
The goblin barely misses you.
The goblin shouts!
You slash the goblin!
You kill the goblin!
You barely miss the goblin. You closely miss the goblin. x2
You feel very sick. The goblin completely misses you.
The goblin hits you with a +0 club. The goblin barely misses you.
Robin throws the goblin at you! The goblin hits you but does no damage.
The goblin hits you with a +0 club. The goblin closely misses you.
You block the goblin's attack. The goblin hits you but does no damage.
You are more poisoned.
You closely miss the goblin. You slash the goblin!
You kill the goblin!
You closely miss the goblin. You hit the goblin. x2
You feel very sick. The goblin closely misses you. You furiously retaliate!
You headbutt the goblin!
You kill the goblin!
The goblin hits you with a +0 club. The goblin hits you but does no damage.
The goblin hits you with a +0 dagger of venom.
You are lethally poisoned!
You are too injured to fight recklessly!
You are too injured to fight recklessly!
A hobgoblin comes into view.
* * * LOW HITPOINT WARNING * * *
You feel very sick. The goblin attacks as it pursues you!
The goblin hits you with a +0 dagger.
* * * LOW HITPOINT WARNING * * *
A goblin opens the door.
You see here a +0 club.
You barely miss the goblin.
* * * LOW HITPOINT WARNING * * *
You feel very sick. The goblin hits you but does no damage.
Robin throws the goblin at you!
It was a potion of haste.
You feel yourself speed up.
You die...

⌠.⌠ #......# # #.#
#......# # #.# #......#
# ⌠.⌠#####......### .
#.##...'......'.. .8.
##g######......### ##.^#
#gg)##..#.########
#.....##g###..#.........
....g..@g.....#.########
.......g##.##.#.#
##########.#..#.#
..#....# #
#########.#### #
#.....#...## #
+.....÷....# #
#.....#....##########
#.....####.#.......##


You could see Robin, a hobgoblin and 4 goblins.

Vanquished Creatures
  Jessica (D:3)
  Natasha (D:3)
  2 adders
  A dart slug (D:1)
  5 orcs (D:3)
  2 endoplasms
  10 goblins
  4 hobgoblins
  7 jackals
  2 quokkas (D:2)
  5 ball pythons
  A bat (D:3)
  3 frilled lizards
  4 kobolds
  5 rats
53 creatures vanquished.

Notes
Turn   | Place    | Note
-------+----------+-------------------------------------------
     0 | D:1      | inmateoo the Minotaur Fighter began the quest for the Orb.
     0 | D:1      | Reached XP level 1. HP: 19/19 MP: 0/0
   253 | D:1      | Reached XP level 2. HP: 21/27 MP: 1/1
   590 | D:1      | Reached skill level 1 in Dodging
  1064 | D:2      | Reached XP level 3. HP: 33/33 MP: 2/2
  1114 | D:2      | Found a faded altar of an unknown god.
  1572 | D:3      | Noticed Natasha
  1575 | D:3      | Killed Natasha
  1576 | D:3      | Reached XP level 4. HP: 38/40 MP: 3/3
  1735 | D:3      | Noticed Jessica
  1739 | D:3      | Killed Jessica
  1813 | D:3      | Noticed Robin
  1822 | D:3      | HP: 2/41 [poisoned by a goblin]
  1823 | D:3      | Succumbed to a goblin's poison

Illustrated notes

Levels and vault maps discovered:
D:1:      minmay_arrival_plants_in_alcoves, layout_loops_corners, serial_forest,
          infiniplex_forest_straight_3, infiniplex_forest_lined_2,
          infiniplex_forest_end_3, infiniplex_forest_clump_small,
          infiniplex_forest_straight_2, st_stairs_12
D:2:      layout_basic, chequers_ecumenical_altar_simple
D:3:      layout_basic, jmf_multi_god_temple, grunt_ministairs_12,
          amcnicky_mini_corridor_feature, minmay_fractal_squares_diagonal_5,
          uniq_jessica, uniq_robin, uniq_natasha

Skill      XL: |  1  2  3  4 |
---------------+-------------+-----
Axes           | 3 4 |  4.1
Dodging        | 1 |  1.9
Armour         | 4 |  4.2
Fighting       | 4 |  4.3
Shields        | 4 |  4.2

Action                     |  1- 3 |  4- 6 || total
---------------------------+-------+-------++-------
  Melee: War axe           |    73 |    10 ||    83
         Headbutt          |    11 |     2 ||    13
    Use: Scroll            |     2 |       ||     2
         Potion            |       |     1 ||     1
   Stab: Distracted        |       |     1 ||     1
 Armour: Scale mail        |    47 |    20 ||    67
  Dodge: Dodged            |    38 |     9 ||    47
  Block: Buckler           |    19 |     2 ||    21

Table legend: (Time is in decaauts)
 A = Elapsed time spent in this place.
 B = Non-inter-level travel time spent in this place.
 C = Inter-level travel time spent in this place.
 D = Time resting spent in this place.
 E = Time spent auto-exploring this place.
 F = Levels seen in this place.
 G = Mean time per level.
                   A        B        C        D        E       F      G
               +--------+--------+--------+--------+--------+-----+--------+
         Total |   1854 |   1805 |     49 |      0 |   1561 |   3 |  618.0 |
       Dungeon |   1854 |   1805 |     49 |      0 |   1561 |   3 |  618.0 |
               +--------+--------+--------+--------+--------+-----+--------+

Top non-repeatable levels by time:
     D:1: 970 daAuts
     D:2: 478 daAuts
     D:3: 404 daAuts
